cohdb
Replays
Latest Replays
All Replays
Popular Replays
Top Player Replays
Match Explorer
How It Works
Community
CoH3 Stats
Reddit
Sign in to upload your games and track your stats! →
Sign in with Steam
Match 42602946
Unlisted
Match 42602946
Overview
Messages
Build Orders
End
Scout Squad
Selects Airborne Battlegroup
Selects Pathfinders
Construct Weapon Support Center
Bazooka Squad
Mechanized Support Center
Construct Medical Station
Selects Paratrooper Squad Paradrop
Paratrooper Squad Paradrop
Paratrooper Squad Paradrop
Engineer Squad
M1919 Machine Gun Team
Paratrooper Squad Paradrop
Bran
DrewP
Dillbro
Soy un inútil
BOTJA
Nashorn101
0
0
Comments
sign in to comment!
No comments posted yet!